[Event "58th Akiba Rubinstein GM 2022"]
[Site "Polanica-Zdroj"]
[Date "2022.08.17"]
[Round "5.2"]
[White "Kempinski, Robert"]
[Black "Plat, Vojtech"]
[Result "0-1"]
[ECO "A48"]
[WhiteElo "2558"]
[BlackElo "2556"]
[Annotator "TA"]
[PlyCount "118"]
[EventDate "2022.08.13"]
[EventCountry "POL"]
[SourceTitle "playchess.com"]
[Source "ChessBase"]
[SourceQuality "1"]
[TimeControl "40/5400+30:1800+30"]

1. d4 Nf6 2. Nf3 g6 3. c4 Bg7 4. e3 O-O 5. Be2 c5 6. d5 {[%emt 0:00:20] E60: King's Indian: Unusual lines and Fianchetto Variation without Nc3.} e6 7. Nc3 exd5 8. cxd5 {[%emt 0:00:10] The position is equal.} d6 9. Nd2 Re8 {[%emt 0:01:49] has lost popularity (9...Na6).} 10. O-O Na6 11. e4 Bd7 $5 {[%emt 0:01:06][%mdl 4] Exploring less charted territory.} 12. Re1 Nc7 13. a4 {[%emt 0:01:21] Prevents b5.} a6 14. Bf3 {[%emt 0:11:06] Black must now prevent Nc4.} Bf8 $1 {[%emt 0:09:43] [#]} 15. Nb3 $146 ({Predecessor:} 15. a5 Nb5 16. Nc4 Nd4 17. Be3 Nxf3+ 18. Qxf3 Rc8 19. Bg5 Kg7 20. e5 dxe5 21. Ne4 Be7 22. d6 Rc6 23. dxe7 Qxe7 24. Rad1 {1-0 (24) Larsen,K (2235)-Jensen,T (2006) Hillerod 2020}) 15... b5 16. Bf4 bxa4 17. Nxa4 Rb8 18. Bd2 Ng4 19. Bxg4 Bxg4 20. Qxg4 Rxb3 21. Qd1 Rb7 22. Ba5 Qd7 23. Rc1 Reb8 (23... Bh6 {seems wilder.} 24. Rxc5 dxc5 25. Nxc5 Qb5) 24. e5 Nxd5 {[%emt 0:02:08] Strongly threatening ...Nf4.} 25. Qxd5 Qxa4 26. Bc3 Qb3 27. Qxb3 Rxb3 28. exd6 Bxd6 29. Ra1 R3b6 30. g3 Bf8 31. Ra5 Rc6 32. Re5 Rd8 33. Kf1 Rb6 34. Re4 h5 35. Ke2 f5 36. Rea4 Re8+ 37. Kf3 Ree6 38. h4 Kf7 39. Ra1 Rbc6 40. Rd1 Bd6 41. Ra4 Ke7 42. Rda1 Bc7 43. Rc4 Kd7 44. Rd1+ Rcd6 45. Ra1 Rd3+ 46. Kg2 Re2 {[%emt 0:01:16] Hoping for ...Bxg3.} 47. Kf1 (47. Kg1 $17) 47... Rc2 $19 48. Ke1 (48. Kg1 $142) 48... f4 49. gxf4 Rh3 {[%emt 0:00:04][%cal Rh3h1] [#]} 50. Rd1+ Kc6 {[%emt 0:01:01][%cal Rh3h1] Black is more active.} 51. Rd2 Rxd2 52. Bxd2 {[%emt 0:00:07][%mdl 4096] Endgame [#] KRB-KRB} Kb5 53. Re4 Rxh4 {[%emt 0:00:07] And now ...g5 would win.} 54. Kf1 $2 (54. Re6) 54... g5 55. Kg2 Bxf4 56. Bxf4 (56. Be1) 56... Rxf4 {[%emt 0:00:02] Black is clearly winning.} ({Worse is} 56... gxf4 57. f3 $11) 57. Rxf4 gxf4 58. Kf3 c4 59. Kxf4 c3 {[%emt 0:00:29] Weighted Error Value: White=0.33/Black=0.04 (flawless)} 0-1

[Event "58th Akiba Rubinstein GM 2022"]
[Site "Polanica-Zdroj"]
[Date "2022.08.17"]
[Round "5.3"]
[White "Nasuta, Grzegorz"]
[Black "Teclaf, Pawel"]
[Result "1/2-1/2"]
[ECO "C42"]
[WhiteElo "2500"]
[BlackElo "2550"]
[Annotator "TA"]
[PlyCount "60"]
[EventDate "2022.08.13"]
[EventCountry "POL"]
[SourceTitle "playchess.com"]
[Source "ChessBase"]
[SourceQuality "1"]
[TimeControl "40/5400+30:1800+30"]

1. e4 e5 2. Nf3 Nf6 3. Nxe5 d6 4. Nf3 Nxe4 5. d4 d5 6. Bd3 Bf5 7. O-O Be7 8. Re1 O-O 9. Nbd2 {[%emt 0:00:05][%cal Rd2e4] is the new trend. C42: Petroff Defence: 3 Nxe5 and unusual White 3rd moves.} Nd6 $1 10. Nf1 c6 11. Bxf5 {[%emt 0:00:51] White has an edge.} Nxf5 12. Qd3 Nd6 13. Bf4 Na6 14. h4 Nc7 15. Ng5 {[%emt 0:02:58][%csl Gg5][%cal Rd3h7] [#]} g6 16. Nh2 Qd7 {[%emt 0:32:46] [#] Against Ng4} 17. Qg3 $146 {[%emt 0:05:36][%cal Oe1e7] And now Rxe7! would win.} ({Predecessor:} 17. h5 Bxg5 18. Bxg5 Rfe8 19. hxg6 hxg6 20. Bf6 Rxe1+ 21. Rxe1 Re8 22. Rf1 Na6 23. Be5 Qe6 24. f4 {1-0 (66) Caruana,F (2786)-Mamedyarov,S (2759) Bucharest 2022}) 17... Nf5 18. Qh3 f6 19. Ngf3 Ne6 20. Bd2 Bd6 21. c3 (21. h5 {keeps more tension.} Bxh2+ 22. Kxh2 Nexd4 23. Nxd4 Qc7+ 24. Kg1) 21... Nf4 (21... h5 $15) 22. Bxf4 $11 {[%emt 0:00:35] The position is equal.} Bxf4 23. h5 Bxh2+ 24. Nxh2 Qf7 25. Qg4 Rfe8 26. Qf4 Kg7 27. Nf3 Qd7 28. hxg6 hxg6 29. Rxe8 Rxe8 30. Re1 {[%emt 0:00:08] Inhibits Re2.} Qd6 {[%emt 0:02:09] Weighted Error Value: White=0.08 (flawless) /Black=0.06 (flawless)} 1/2-1/2

[Event "58th Akiba Rubinstein GM 2022"]
[Site "Polanica-Zdroj"]
[Date "2022.08.17"]
[Round "5.4"]
[White "Mastrovasilis, Dimitrios"]
[Black "Tazbir, Marcin"]
[Result "1-0"]
[ECO "B33"]
[WhiteElo "2597"]
[BlackElo "2511"]
[Annotator "TA"]
[PlyCount "81"]
[EventDate "2022.08.13"]
[EventCountry "POL"]
[SourceTitle "playchess.com"]
[Source "ChessBase"]
[SourceQuality "1"]
[TimeControl "40/5400+30:1800+30"]

1. e4 c5 2. Nf3 Nc6 3. d4 cxd4 4. Nxd4 Nf6 5. Nc3 e5 6. Ndb5 d6 7. Bg5 a6 8. Na3 b5 9. Nd5 Be7 10. Bxf6 Bxf6 11. c4 b4 {[%emt 0:00:22] B33: Sicilian: Pelikan and Sveshnikov Variations.} 12. Nc2 O-O 13. g3 a5 {[%emt 0:02:45] The position is equal.} 14. Bg2 g6 {[%emt 0:00:47] is recently more successful than 14...Bg5.} 15. O-O Bg7 16. Qd3 Be6 17. Rad1 Qb8 {[%emt 0:04:22] [#]} 18. h4 $146 ({Predecessor:} 18. Kh1 Ra7 19. b3 Kh8 20. f4 f5 21. exf5 gxf5 22. Nde3 e4 23. Qxd6 Qc8 24. Qd2 {½-½ (96) Diaz Camallonga,C (2467)-Salem,A (2682) Chess.com INT 2020}) 18... h5 19. Kh2 Qa7 20. b3 Rad8 21. Qe2 Rfe8 22. Rd3 Qc5 23. Nc7 {[%emt 0:12:20] Pair of Knights!} Re7 24. Nb5 Na7 25. Nxa7 Rxa7 26. Rfd1 Bh6 27. Bh3 {[%emt 0:11:21] Inhibits Bg4.} a4 28. Bxe6 fxe6 29. Ne1 axb3 30. axb3 Ra3 31. Kg2 Kf7 (31... Rd7 $16) 32. Rf3+ Ke7 (32... Kg7 $16 {was called for.} 33. Nd3 Qa5) 33. Nd3 $18 Qa5 (33... Qc7 34. Nxb4 Rc8) 34. c5 {[%emt 0:00:30] White is clearly winning.} Qc7 (34... Rxb3 $142 35. Nxe5 dxe5 36. Rxb3 Rxd1 37. Qxd1 Qxc5) 35. cxd6+ Qxd6 36. Nb2 Qa6 37. Nc4 {[%emt 0:01:32] [#] Black must now prevent Rxd8.} Ra2 38. Qe1 Rxd1 39. Qxd1 Ra1 40. Qd3 Re1 {[%emt 0:00:00] [#]} 41. Rf7+ $3 {[%emt 0:01:28][%mdl 512] Weighted Error Value: White=0.13 (very precise) /Black=0.23 (precise)} 1-0

[Event "58th Akiba Rubinstein GM 2022"]
[Site "Polanica-Zdroj"]
[Date "2022.08.17"]
[Round "5.5"]
[White "Sumets, Andrey"]
[Black "Donchenko, Alexander"]
[Result "1/2-1/2"]
[ECO "D38"]
[WhiteElo "2547"]
[BlackElo "2630"]
[Annotator "TA"]
[PlyCount "47"]
[EventDate "2022.08.13"]
[EventCountry "POL"]
[SourceTitle "playchess.com"]
[Source "ChessBase"]
[SourceQuality "1"]
[TimeControl "40/5400+30:1800+30"]

1. d4 Nf6 2. c4 e6 3. Nf3 d5 4. Nc3 Bb4 5. cxd5 exd5 6. Qa4+ Nc6 7. Bg5 h6 8. Bxf6 Qxf6 9. e3 O-O 10. Rc1 Rd8 {[%emt 0:01:17] The position is equal.} 11. a3 {[%emt 0:01:12] D38: Queen's Gambit Declined: Ragozin Defence (4 Nf3 Bb4).} Bf8 12. Be2 Ne7 13. O-O Ng6 14. b4 a6 15. Qb3 c6 16. Na4 {[%emt 0:00:56] [#]} Rb8 $146 ({Predecessor:} 16... Bg4 17. Nc5 Rab8 18. Rc2 Qf5 19. Re1 Bxf3 20. Bxf3 Nh4 21. Be2 Rd6 22. Qd3 Qc8 {1-0 (35) Arbakov,V (2374)-Voitsekhovsky,S (2527) Samara 2003}) 17. Nc5 Bd6 18. Rfe1 Bg4 19. Qd1 h5 20. h3 Bf5 21. Nd2 Qg5 {[%emt 0:01:06] [#] And now ...Bxh3 would win.} 22. Nf3 Qf6 23. Nd2 Qg5 {[%emt 0:05:38] Hoping for ...Bxh3.} 24. Nf3 {[%emt 0:00:17] A balanced but interesting game.  Weighted Error Value: White=0.02 (flawless) /Black=0.01 (flawless)} 1/2-1/2

[Event "58th Akiba Rubinstein GM 2022"]
[Site "Polanica-Zdroj"]
[Date "2022.08.18"]
[Round "6.1"]
[White "Plat, Vojtech"]
[Black "Donchenko, Alexander"]
[Result "0-1"]
[ECO "B52"]
[WhiteElo "2556"]
[BlackElo "2630"]
[Annotator "TA"]
[PlyCount "92"]
[EventDate "2022.08.13"]
[EventCountry "POL"]
[SourceTitle "playchess.com"]
[Source "ChessBase"]
[SourceQuality "1"]
[TimeControl "40/5400+30:1800+30"]

1. e4 c5 2. Nf3 d6 3. Bb5+ Bd7 4. Bxd7+ Qxd7 5. O-O Nf6 6. Re1 Nc6 7. d4 cxd4 8. Nxd4 g6 9. Nc3 Bg7 {[%emt 0:05:34] B52: Sicilian: Moscow Variation with 3...Bd7.} 10. h3 O-O 11. Bg5 Rfe8 {[%emt 0:05:55] The position is equal.} 12. Qd2 {[%emt 0:10:03] [#]} Rac8 $146 ({Predecessor:} 12... h5 13. Nf3 Rad8 14. Bh6 Bh8 15. Rab1 a6 16. Nd5 Nxd5 17. Qxd5 Ne5 18. Ng5 e6 {0-1 (49) Amarapala,S (1471)-Gaure,S (1532) Oslo 2017}) 13. Rad1 a6 14. Nf3 {[%emt 0:03:28] And now e5 would win.} Qe6 {[%emt 0:09:58] Inhibits e5.} 15. Bh6 Ne5 {[%emt 0:01:01] aiming for ...Nxf3+.} 16. Nxe5 (16. Nd4 {is more complex.} Bxh6 17. Qxh6 Qc4 18. Nd5) 16... Bxh6 17. Qxh6 Qxe5 18. Qe3 Qc5 19. e5 dxe5 20. Qxe5 Qxe5 21. Rxe5 Kf8 22. Rd2 Red8 23. Rxd8+ Rxd8 $11 {[%emt 0:00:02][%mdl 4096] Endgame KRN-KRN} 24. Kf1 e6 25. Ke2 Rc8 26. Kd2 Ke7 27. Re3 h5 28. a4 Rc7 29. Kd3 h4 30. Re2 (30. Kd2 $11) 30... Rc5 (30... Rd7+ $1 $17 31. Kc4 g5) 31. Ne4 Rd5+ 32. Ke3 Re5 33. Kd4 Rd5+ 34. Ke3 Nxe4 35. Kxe4 {[%emt 0:00:04] KR-KR} f5+ 36. Kf3 Rc5 37. Rd2 (37. Ke3 $11) 37... e5 $1 $17 38. Ke2 {[%emt 0:01:36] [#]} Ke6 $1 39. b3 {[%emt 0:02:34] [#]} b5 $1 {[%emt 0:04:12] Against c4} 40. axb5 axb5 41. Ke1 (41. c4 $17) 41... e4 $19 42. Kd1 (42. Kf1 {is a better defense.}) 42... b4 43. Ke1 $2 (43. Re2) 43... Ke5 {[%emt 0:01:28] Black is clearly winning.} 44. Re2 f4 {[%emt 0:03:28] Threatens to win with ...Rd5.} 45. Rd2 Rd5 {[%emt 0:01:05] ...Rxd2 is the strong threat.} 46. Re2 g5 {[%emt 0:01:35] Weighted Error Value: White=0.43/Black=0.05 (flawless)} 0-1

[Event "58th Akiba Rubinstein GM 2022"]
[Site "Polanica-Zdroj"]
[Date "2022.08.18"]
[Round "6.2"]
[White "Bernadskiy, Vitaliy"]
[Black "Sumets, Andrey"]
[Result "1/2-1/2"]
[ECO "B12"]
[WhiteElo "2598"]
[BlackElo "2547"]
[Annotator "TA"]
[PlyCount "94"]
[EventDate "2022.08.13"]
[EventCountry "POL"]
[SourceTitle "playchess.com"]
[Source "ChessBase"]
[SourceQuality "1"]
[TimeControl "40/5400+30:1800+30"]

1. e4 c6 2. d4 d5 3. e5 Bf5 4. c4 e6 5. Nc3 Ne7 {[%emt 0:00:05] The position is equal.} 6. Nf3 {[%emt 0:00:09] B12: Caro-Kann: Advance Variation.} Nd7 7. Nh4 dxc4 8. Bxc4 Nb6 9. Bb3 h6 10. Nxf5 Nxf5 11. Be3 Bb4 12. O-O {[%emt 0:14:16] [#]} c5 $146 ({Predecessor:} 12... Qh4 13. a3 Bf8 14. Qf3 g6 15. g3 Qe7 16. g4 Nh4 17. Qg3 Bg7 18. f4 O-O-O {1-0 (25) Ris,R (2381)-Grigoryan,M (2077) Coulsdon 2007}) 13. Ne2 {[%emt 0:10:56] Black should prevent a3.} O-O 14. Qd3 cxd4 15. Nxd4 Bc5 16. Rad1 Bxd4 17. Bxd4 Qxd4 18. Qxd4 Nxd4 19. Rxd4 Rfd8 20. Rfd1 Rxd4 21. Rxd4 $11 {[%emt 0:00:03][%mdl 4096] Endgame KRB-KRN} Kf8 22. f4 Ke7 23. Kf2 Rc8 24. Ke3 h5 25. Kd2 g6 26. Rd3 Nc4+ 27. Bxc4 Rxc4 {[%emt 0:00:03] KR-KR} 28. g3 Ra4 29. a3 Rc4 30. Rc3 Rxc3 31. Kxc3 {[%emt 0:02:48] KP-KP} Kd7 32. Kc4 Kc6 33. a4 Kb6 34. b4 Kc6 35. b5+ Kc7 36. Kc5 b6+ 37. Kd4 Kd7 38. Ke4 Ke7 39. Kf3 Kf8 40. g4 hxg4+ 41. Kxg4 Kg8 42. Kg5 Kg7 43. h3 Kg8 44. Kf6 {[%emt 0:00:34] [#] Threatening mate with Ke7.} Kf8 45. h4 Ke8 46. Kg7 Ke7 47. Kg8 Ke8 $1 {[%emt 0:00:05] An uneventful encounter.  Weighted Error Value: White=0.02 (flawless) /Black=0.02 (flawless)} 1/2-1/2

[Event "58th Akiba Rubinstein GM 2022"]
[Site "Polanica-Zdroj"]
[Date "2022.08.18"]
[Round "6.3"]
[White "Tazbir, Marcin"]
[Black "Tomczak, Jacek"]
[Result "1/2-1/2"]
[ECO "A15"]
[WhiteElo "2511"]
[BlackElo "2596"]
[Annotator "TA"]
[PlyCount "65"]
[EventDate "2022.08.13"]
[EventCountry "POL"]
[SourceTitle "playchess.com"]
[Source "ChessBase"]
[SourceQuality "1"]
[TimeControl "40/5400+30:1800+30"]

1. c4 Nf6 2. g3 c6 3. Bg2 d5 4. Nf3 dxc4 5. a4 Bf5 6. Na3 {[%emt 0:03:32] A11: English Opening: 1...c6.} Qd5 7. Nh4 Be4 8. f3 Bg6 9. Nxg6 hxg6 ({Of course not} 9... fxg6 10. Qc2 $11) 10. Qc2 e5 $36 {[%emt 0:02:54][%mdl 2048] White is under pressure.} 11. Qxc4 {[%emt 0:01:31] [#]} Na6 $146 {[%emt 0:00:30] Prevents b4.} ({Predecessor:} 11... Nbd7 12. d3 Qc5 13. Qxc5 Nxc5 14. Nc4 Nb3 15. Rb1 Bb4+ 16. Kf2 Nd7 17. Be3 f6 {0-1 (59) Vandezande,A-Krijgelmans,J Ostend 1987}) 12. Qxd5 Nxd5 13. Rb1 O-O-O 14. Nc4 f6 15. b3 Bb4 ({Black should try} 15... g5 $17) 16. Ba3 Ne3 17. Nxe3 {[%emt 0:02:00] [#] Bxb4 is the strong threat.} Bxa3 18. Nc2 Be7 19. b4 f5 20. f4 exf4 21. gxf4 Nc7 22. e3 g5 23. fxg5 Bxg5 24. b5 $1 cxb5 (24... Bh4+ {with more complications.} 25. Ke2 cxb5 26. Na3 f4) 25. Nd4 Rxd4 26. exd4 Re8+ 27. Kd1 Rd8 28. axb5 (28. h4 $16 Bf4 29. axb5) 28... Rxd4 $11 29. Rb2 Ne8 30. Rc2+ Kb8 31. Re1 Nd6 32. Re6 Nxb5 33. Re8+ {Weighted Error Value: White=0.09 (flawless) /Black=0.11 (very precise)} 1/2-1/2

[Event "58th Akiba Rubinstein GM 2022"]
[Site "Polanica-Zdroj"]
[Date "2022.08.18"]
[Round "6.4"]
[White "Teclaf, Pawel"]
[Black "Mastrovasilis, Dimitrios"]
[Result "1/2-1/2"]
[ECO "C47"]
[WhiteElo "2550"]
[BlackElo "2597"]
[Annotator "TA"]
[PlyCount "60"]
[EventDate "2022.08.13"]
[EventCountry "POL"]
[SourceTitle "playchess.com"]
[Source "ChessBase"]
[SourceQuality "1"]
[TimeControl "40/5400+30:1800+30"]

1. e4 e5 2. Nf3 Nc6 3. Nc3 Nf6 4. d4 exd4 5. Nxd4 Bb4 6. Nxc6 bxc6 7. Bd3 d5 8. Bd2 O-O 9. O-O {[%emt 0:00:03] The position is equal.} Bxc3 {[%emt 0:00:08] C47: Scotch Four Knights and Four Knights with 4 g3.} (9... Bd6 {is more complex.} 10. h3 Rb8 11. Re1 dxe4 12. Nxe4 Nxe4 13. Rxe4 Bf5) 10. Bxc3 dxe4 $1 {[%emt 0:00:08][%mdl 4] is recently more successful than 10...Nxe4.} 11. Bxf6 {[%emt 0:00:03][%mdl 64] [#] Remove Defender} Qxf6 12. Bxe4 Qxb2 13. Bxc6 Rb8 14. Rb1 Qxb1 15. Qxb1 Rxb1 16. Rxb1 $11 {[%emt 0:00:03][%mdl 4096] Endgame KRB-KRB} Rd8 17. Bf3 Kf8 {[%emt 0:00:15] [#]} 18. Rb3 $146 ({Predecessor:} 18. Rb8 Re8 19. h4 Ba6 20. Rb3 Re5 21. Rc3 Re7 22. Ra3 Re6 23. Bd5 Rb6 24. Bb3 {1-0 (64) Karjakin,S (2743)-Vidit,S (2727) Wijk aan Zee 2022}) 18... Be6 19. Rb7 c5 20. Rc7 Bxa2 21. Rxc5 Be6 22. Ra5 Rd2 23. Rxa7 Rxc2 {[%emt 0:00:07] [#] ( -> ...Rc1+)} 24. Ra1 {[%emt 0:00:16] Inhibits Rc1+.} g6 25. h4 Kg7 26. g3 h5 27. Re1 Kf6 28. Kg2 Rd2 29. Re3 Bd5 30. Bxd5 Rxd5 {[%emt 0:00:06] An interesting draw.  Weighted Error Value: White=0.02 (flawless) /Black=0.01 (flawless)} 1/2-1/2

[Event "58th Akiba Rubinstein GM 2022"]
[Site "Polanica-Zdroj"]
[Date "2022.08.18"]
[Round "6.5"]
[White "Kempinski, Robert"]
[Black "Nasuta, Grzegorz"]
[Result "1/2-1/2"]
[ECO "A16"]
[WhiteElo "2558"]
[BlackElo "2500"]
[Annotator "TA"]
[PlyCount "60"]
[EventDate "2022.08.13"]
[EventCountry "POL"]
[SourceTitle "playchess.com"]
[Source "ChessBase"]
[SourceQuality "1"]
[TimeControl "40/5400+30:1800+30"]

1. c4 Nf6 2. Nc3 d5 3. cxd5 Nxd5 4. Nf3 g6 5. e4 Nxc3 6. dxc3 Qxd1+ 7. Kxd1 f6 8. Be3 e5 9. Nd2 Nd7 {[%emt 0:00:34][%cal Bb8d7,Bd7c5,Bc5a4][%mdl 32] 9...Be6 is vanishing. A16: English Opening: 1...Nf6 with ...d5.} 10. Kc2 Bc5 11. Bxc5 Nxc5 12. b4 {[%emt 0:00:39] [#]} Na4 $146 ({Predecessor:} 12... Ne6 13. Nc4 Bd7 14. a4 Ke7 15. Ne3 a5 16. Nd5+ Kf7 17. Bc4 Kg7 18. Rhd1 Rhd8 {½-½ (26) Alterman,B (2572)-Rodshtein,M (2609) Israel 2009}) 13. Bb5+ Bd7 14. Bxd7+ Kxd7 15. Rhd1 Ke6 16. Nb3 Rhd8 {[%emt 0:05:00] Prevents Rd5.} 17. c4 b6 {[%emt 0:05:25] Inhibits Na5. The position is equal.} 18. Rd5 (18. f3 {seems wilder.} h6 19. Rac1 c6 20. c5) 18... c6 19. Rxd8 Rxd8 $11 {[%emt 0:00:05][%mdl 4096] Endgame KRN-KRN} 20. Re1 a6 21. f3 h5 22. c5 bxc5 23. bxc5 g5 24. Re2 Rb8 25. Rd2 {[%emt 0:01:00] Strongly threatening Rd6+.} Ke7 26. Rd6 Nxc5 27. Rxc6 Nxb3 28. axb3 a5 29. Rc5 Ra8 30. Kb2 Rd8 {[%emt 0:01:01] An interesting draw.  Weighted Error Value: White=0.04 (flawless) /Black=0.02 (flawless)} 1/2-1/2

[Event "58th Akiba Rubinstein GM 2022"]
[Site "Polanica-Zdroj"]
[Date "2022.08.19"]
[Round "7.1"]
[White "Nasuta, Grzegorz"]
[Black "Plat, Vojtech"]
[Result "1-0"]
[ECO "B01"]
[WhiteElo "2500"]
[BlackElo "2556"]
[Annotator "TA"]
[PlyCount "109"]
[EventDate "2022.08.13"]
[EventCountry "POL"]
[SourceTitle "playchess.com"]
[Source "ChessBase"]
[SourceQuality "1"]
[TimeControl "40/5400+30:1800+30"]

1. e4 d5 2. exd5 Qxd5 3. Nc3 Qd6 4. d4 Nf6 5. Nf3 c6 6. Ne5 Nbd7 {[%emt 0:04:06] B01: Scandinavian Defence.} 7. Bf4 Nxe5 8. Bxe5 {[%emt 0:03:14] [#]} Qe6 $146 ({Better is} 8... Qd8 $14) ({Predecessor:} 8... Qb4 9. Qd2 Bf5 10. O-O-O e6 11. Kb1 Be7 12. f3 O-O 13. g4 Bg6 14. h4 h5 15. gxh5 Bxh5 {1-0 (24) Guseinov,G (2665)-Loiacono,L (2299) Chess.com INT 2020}) 9. Be2 $16 Nd5 (9... g6 $142) 10. O-O f6 {[%emt 0:11:57] [#] White must now prevent ...Nxc3.} 11. Bg3 g6 12. Re1 {[%emt 0:14:14][%cal Oc3b5] And now Nb5! would win.} Bg7 (12... Nxc3 $16 13. bxc3 Bg7) 13. Nxd5 Qxd5 14. Bf3 Qd8 15. d5 cxd5 16. Bxd5 {[%emt 0:00:07] [#] aiming for Qf3.} (16. Qxd5 Qxd5 17. Bxd5 g5 $16) 16... e5 (16... e6 $16 17. Qf3 (17. Bxe6 Qxd1 18. Raxd1 Bxe6 $16) 17... O-O 18. Bxe6+ (18. Bxb7 Bxb7 19. Qxb7 e5 $16) 18... Bxe6) 17. f4 (17. Qf3 $18 {[%cal Oe1e5] Intending Rxe5+! and mate.} Qc7 18. Rad1) 17... Bg4 18. Qd3 {[%emt 0:04:47][%cal Rf4e5] White is more active.} Bf5 (18... Be6 {was called for.}) 19. Qf3 $18 Bg4 20. Qb3 ({Don't do} 20. Qxg4 $6 Qxd5 21. fxe5 O-O $16) 20... Qb6+ 21. Qxb6 axb6 22. Bxb7 Ra7 23. Bc6+ Ke7 24. fxe5 fxe5 25. Bb5 (25. Bxe5 Bxe5 26. Rxe5+ Kd6) 25... Rc8 26. c4 ({Don't play} 26. Bxe5 Bxe5 27. Rxe5+ Kf6) 26... Ke6 27. Bf2 Rb8 28. a4 Kf7 29. c5 bxc5 30. Bxc5 Rab7 31. Bd6 Rxb5 (31... Rd8) 32. axb5 Rxb5 33. Ra7+ Ke6 34. Rxg7 Kxd6 35. Rxh7 Rxb2 {[%emt 0:00:46][%mdl 4096] Endgame KRR-KRB} 36. Ra7 Bc8 37. Ra3 Rb5 38. Kf2 Bf5 (38... Ke7 $142 39. Ree3 Rb2+ 40. Re2 Rb5) 39. h3 Rc5 40. Re2 Ke7 41. Rb2 Kf6 42. Rb6+ {[%emt 0:00:27] White is clearly winning.} Kg5 43. g4 Be4 44. Kg3 {[%emt 0:00:06] White wants to mate with h4+.} Rc1 45. Re3 Rg1+ 46. Kf2 Rg2+ 47. Kf1 Ba8 48. Rxe5+ Kf4 49. Ra5 Be4 50. Rf6+ Kg3 51. Ra3+ Kh4 52. Re6 Bb7 53. Rxg6 {[%emt 0:00:28] Threatens to win with Rb6.} Rb2 {[%emt 0:00:14] Prevents Rb6.} 54. Rh6+ Kg5 55. Rh5+ {[%emt 0:00:04] Weighted Error Value: White=0.14 (very precise) /Black=0.33} 1-0

[Event "58th Akiba Rubinstein GM 2022"]
[Site "Polanica-Zdroj"]
[Date "2022.08.19"]
[Round "7.2"]
[White "Mastrovasilis, Dimitrios"]
[Black "Kempinski, Robert"]
[Result "1/2-1/2"]
[ECO "B84"]
[WhiteElo "2597"]
[BlackElo "2558"]
[Annotator "TA"]
[PlyCount "69"]
[EventDate "2022.08.13"]
[EventCountry "POL"]
[SourceTitle "playchess.com"]
[Source "ChessBase"]
[SourceQuality "1"]
[TimeControl "40/5400+30:1800+30"]

1. e4 c5 2. Nf3 d6 3. d4 cxd4 4. Nxd4 Nf6 5. Nc3 a6 6. Be2 e6 7. Be3 Be7 8. g4 Nfd7 {[%emt 0:03:44] B84: Sicilian Scheveningen: 6 Be2 a6, lines without early Be3.} 9. Qd2 b5 10. a3 Bb7 {[%emt 0:07:06] White is slightly better.} 11. g5 Nb6 {[%emt 0:06:52] [#]} 12. O-O-O $146 ({Predecessor:} 12. h4 N8d7 13. h5 Rc8 14. O-O-O Ne5 15. g6 Nbc4 16. Bxc4 Nxc4 17. Qe2 Bf6 18. f4 {0-1 (29) Kaasen,T (2406)-Ftacnik,L (2513) Reykjavik 2021}) 12... N8d7 13. f4 {[%emt 0:09:38][%cal Bf2f4,Bf4f5,Bf5e6,Be6f7][%mdl 32] Strongly threatening f5.} Nc5 14. f5 $1 Qc8 $2 (14... Nxe4 $16 {was called for.} 15. Nxe4 Bxe4) 15. Rhf1 $18 Nc4 16. Bxc4 bxc4 17. Qf2 (17. fxe6 $142 fxe6 18. Qf2) 17... Nxe4 18. Nxe4 Bxe4 19. fxe6 O-O 20. exf7+ Kh8 21. Bd2 {[%emt 0:03:56] aiming for h4.} c3 22. Bxc3 Bxg5+ 23. Kb1 Bf6 {[%emt 0:00:37] [#]} 24. Qe2 (24. Qe3 $1 $16 Bg6 {[#]} 25. Nc6 $1 Bxc3 26. Qxc3) 24... d5 $14 {[%emt 0:05:57] [#]} 25. Nb5 $1 axb5 26. Rxf6 Rxa3 $1 27. Rf4 {[%emt 0:04:30] Active counter play!} (27. Rf2 $14 {should be considered.} Ra7 28. Qh5) 27... Rxc3 $11 {[%emt 0:03:48] The position is equal.} 28. bxc3 {[%emt 0:00:05] Really sharp!} Qxc3 29. Rxe4 dxe4 30. Qxe4 {[%emt 0:00:30][%cal Od1d8] White threatens Rd8! and mate. KQR-KQR} g6 (30... Qf6 31. Qe8 h6 32. Qxf8+ Kh7 33. Rg1) 31. Rd3 Qf6 32. Rf3 Qd6 33. Rd3 Qf6 34. Rf3 Qd6 35. Rd3 {[%emt 0:05:24] Black escapes into a draw.  Weighted Error Value: White=0.13 (very precise) /Black=0.11 (very precise)} 1/2-1/2

[Event "58th Akiba Rubinstein GM 2022"]
[Site "Polanica-Zdroj"]
[Date "2022.08.19"]
[Round "7.3"]
[White "Tomczak, Jacek"]
[Black "Teclaf, Pawel"]
[Result "1/2-1/2"]
[ECO "E21"]
[WhiteElo "2596"]
[BlackElo "2550"]
[Annotator "TA"]
[PlyCount "52"]
[EventDate "2022.08.13"]
[EventCountry "POL"]
[SourceTitle "playchess.com"]
[Source "ChessBase"]
[SourceQuality "1"]
[TimeControl "40/5400+30:1800+30"]

1. d4 Nf6 2. c4 e6 3. Nc3 Bb4 4. Nf3 Bxc3+ 5. bxc3 d6 6. Qc2 Qe7 7. Bg5 h6 8. Bh4 b6 9. e3 Bb7 10. Bd3 Nbd7 (10... g5 $5 11. Bg3 h5 $11) 11. h3 {[%emt 0:08:39] E13: Queen's Indian/Nimzo-Indian hybrid: 4 Nc3 Bb7 5 Bg5 h6 6 Bh4 Bb4.} O-O-O (11... g5 $5 12. Bg3 e5 $11) 12. O-O-O {[%emt 0:05:11] [#]} g5 $146 ({Predecessor:} 12... Kb8 13. e4 e5 14. Rhe1 g5 15. Bg3 Nh5 16. Bh2 Nf4 17. Bf1 Qf6 18. Re3 Rhe8 {0-1 (57) Baikov,V (2345)-Laketic,G (2480) Moscow 1992}) 13. Bg3 {[%emt 0:00:05] Black is slightly better.} Nh5 14. Be4 d5 15. cxd5 Ndf6 ({Much weaker is} 15... exd5 16. Bf5 $11) (15... Nxg3 $17 16. fxg3 Nf6) 16. d6 $1 $11 {[%emt 0:02:53] The position is equal.} cxd6 17. Bxb7+ Qxb7 18. Bh2 Ne4 19. d5 exd5 20. Nd4 {[%emt 0:00:54] [#] Hoping for f3.} Kb8 $1 21. Kb2 Rc8 22. Rd3 Qd7 {[%emt 0:04:30] Against Nf5} 23. Ka1 Nc5 24. Rdd1 Ne4 25. Rd3 Nc5 26. Rdd1 Ne4 {[%emt 0:01:06] Weighted Error Value: White=0.05 (flawless) /Black=0.08 (flawless)} 1/2-1/2